 Dungeon Crawl Stone Soup version 0.22.1-1-ga44c0e56f4 (webtiles) character file.

107 Jynx the Cudgeler (level 4, -1/55 HPs)
             Began as a Demonspawn Berserker on Nov 4, 2018.
             Was a Believer of Trog.
             Slain by a gnoll
             ... wielding a +0 flail
              (4 damage)
             ... on level 1 of the Dungeon.
             The game lasted 00:03:34 (2431 turns).

Jynx the Cudgeler (Demonspawn Berserker)            Turns: 2431, Time: 00:03:35

Health: -1/55      AC:  8    Str: 24    XL:     4   Next: 57%
Magic:  4/4        EV:  8    Int:  8    God:    Trog [**....]
Gold:   134        SH:  0    Dex: 12    Spells: 3/3 levels left

rFire    + . .     SeeInvis .   a - +0 mace
rCold    . . .     Gourm    .   (no shield)
rNeg     . . .     Faith    .   j - +0 chain mail
rPois    .         Spirit   .   (helmet restricted)
rElec    .         Reflect  .   (no cloak)
rCorr    .         Harm     .   (no gloves)
MR       .....                  (no boots)
Stlth    ..........             (no amulet)
HPRegen  0.18/turn              (no ring)
MPRegen  0.09/turn              (no ring)

@: berserking, very quick
A: horns 1, talons 1, fire resistance 1
a: Berserk, Trog's Hand, Renounce Religion


You were on level 1 of the Dungeon.
You worshipped Trog.
Trog was pleased with you.
You were hungry.

You visited 1 branch of the dungeon, and saw 2 of its levels.

You collected 134 gold pieces.

Inventory:

Hand Weapons
 a - a +0 mace (weapon)
Armour
 b - a +0 animal skin
 j - a +0 chain mail (worn)
Scrolls
 g - a scroll of remove curse {unknown}
 h - 3 scrolls of teleportation {unknown}
 i - 2 scrolls of enchant weapon {unknown}
 l - a scroll of noise {unknown}
 n - 2 scrolls of identify {unknown}
Potions
 d - 3 potions of brilliance {unknown}
 e - a potion of resistance {unknown}
 f - 3 potions of curing {unknown}
 k - a potion of might {unknown}
Comestibles
 c - 4 rations
 m - 8 chunks of flesh


   Skills:
 + Level 3.9 Fighting
 * Level 4.3 Maces & Flails
 - Level 1.7 Armour
 - Level 1.7 Dodging


You had 3 spell levels left.
You didn't know any spells.
Your spell library was empty.

Dungeon Overview and Level Annotations

Branches:
Dungeon (2/15)

Altars:
Kikubaaqudgha

Annotations:
D:2 Natasha


Innate Abilities, Weirdness & Mutations

You have a pair of small horns on your head.
You have sharp toenails.
Your flesh is heat resistant. (rF+)


Message History

You feel disoriented.
Natasha mumbles some strange words.
Natasha mumbles some strange words.
You feel troubled.
You see here 16 sling bullets.
Natasha mumbles some strange words.
There is a stone staircase leading up, spattered with blood here.
You see here a stone.
The gnoll hits you with a flail!
* * * LOW HITPOINT WARNING * * *
You climb upwards.
There is a stone staircase leading down here.
A red film seems to cover your vision as you go berserk!
You feel yourself moving faster!
You feel mighty!
You are feeling hungry.
The gnoll barely misses you.
Your chain mail prevents you from hitting the gnoll.
Your headbutt misses the gnoll. You closely miss the gnoll.
The gnoll hits you with a flail.
You die...

#.........# #.#######.# #.# #.#
##.#######.##############
#.......................#
#..#######.#.###.##.###.#
#..#######....##.##.###.###
#..........)().#.##.......#
###.#########g@.##.######.#.###
#...# ##.###.# #....... #.###
#.# #.#####..#.### ##.########
#.# #............. #.........#
##+########..##..## #..######.#
##...## #..###.## #..####
#.###.....## #..###.##
#..##.###.##.......## #........
#......##.#.........####........


You could see a gnoll.

Vanquished Creatures
  Robin (D:2)
  3 adders (D:2)
  An ooze (D:1)
  A leopard gecko (D:2)
  9 bats
  2 giant cockroaches
  18 goblins
  6 hobgoblins
  A quokka (D:2)
  2 ball pythons
  3 frilled lizards
  4 kobolds (D:1)
  8 rats
59 creatures vanquished.

Notes
Turn   | Place    | Note
-------+----------+-------------------------------------------
     0 | D:1      | Jynx the Demonspawn Berserker began the quest for the Orb.
     0 | D:1      | Reached XP level 1. HP: 18/18 MP: 1/1
   402 | D:1      | Reached skill level 3 in Maces & Flails
   505 | D:1      | Gained mutation: You have a pair of small horns on your
                  | head. [demonic ancestry]
   505 | D:1      | Reached XP level 2. HP: 24/24 MP: 2/2
   959 | D:1      | Gained mutation: You have sharp toenails. [demonic
                  | ancestry]
   959 | D:1      | Reached XP level 3. HP: 28/29 MP: 3/3
   999 | D:1      | Reached ** piety under Trog
  1936 | D:2      | Noticed Robin
  1960 | D:1      | Reached skill level 4 in Maces & Flails
  2021 | D:1      | Gained mutation: Your flesh is heat resistant. (rF+)
                  | [demonic ancestry]
  2021 | D:1      | Reached XP level 4. HP: 33/37 MP: 4/4
  2169 | D:2      | Killed Robin
  2261 | D:2      | Found an ancient bone altar of Kikubaaqudgha.
  2391 | D:2      | Noticed Natasha
  2431 | D:1      | Slain by a gnoll

Skill      XL: |  1  2  3 |
---------------+----------+-----
Maces & Flails | 3 4 |  4.3
Fighting       | |  3.9
Armour         | |  1.7
Dodging        | |  1.7

Action                   |  1- 3 |  4- 6 || total
-------------------------+-------+-------++-------
Melee: Mace              |   102 |    35 ||   137
       Headbutt          |     7 |     4 ||    11
       Kick              |     8 |    11 ||    19
Invok: Berserk           |     1 |     2 ||     3
 Stab: Sleeping          |     1 |       ||     1
  Eat: Chunk             |     5 |     2 ||     7
Armor: Animal skin       |     8 |       ||     8
       Chain mail        |    39 |    37 ||    76
Dodge: Dodged            |    72 |    24 ||    96
